 Dungeon Crawl Stone Soup version 0.26-a0-30-g56b8cd3df0 (webtiles) character file.

Game seed: 1565058753497928865, levelgen mode: deterministic

28 MisterFreud the Skirmisher (level 3, -1/26 HPs)
             Began as an Octopode Gladiator on May 28, 2020.
             Slain by an adder (4 damage)
             ... on level 2 of the Dungeon.
             The game lasted 00:00:48 (807 turns).

MisterFreud the Skirmisher (Octopode Gladiator)      Turns: 807, Time: 00:00:49

Health: -1/26      AC:  1    Str: 13    XL:     3   Next: 12%
Magic:  3/3        EV: 14    Int: 11    God:
Gold:   95         SH:  0    Dex: 13    Spells: 2/2 levels left

rFire    . . .     SeeInvis .   a - +0 long sword
rCold    . . .     Gourm    .   (no shield)
rNeg     . . .     Faith    .   b - +0 hat
rPois    .         Spirit   .   (no amulet)
rElec    .         Reflect  .   (no ring)
rCorr    .         Harm     .   (no ring)
MR       .....                  (no ring)
Stlth    ++........             (no ring)
HPRegen  0.08/turn              (no ring)
MPRegen  0.08/turn              (no ring)
                                (no ring)
                                (no ring)

@: no status effects
A: almost no armour, stealthy swim, amphibious, 8 rings, constrict 8, camouflage
1, gelatinous body 1
a: no special abilities


You were on level 2 of the Dungeon.
You were not hungry.

You visited 1 branch of the dungeon, and saw 2 of its levels.

You collected 95 gold pieces.

Inventory:

Hand Weapons
 a - a +0 long sword (weapon)
Missiles
 c - 3 throwing nets
 m - 5 silver boomerangs (quivered)
Armour
 b - a +0 hat (worn)
Scrolls
 f - a scroll of amnesia {unknown}
 g - 2 scrolls of fear {unknown}
 i - 3 scrolls of identify {unknown}
 l - a scroll of enchant weapon {unknown}
 o - 3 scrolls of remove curse {unknown}
 p - a scroll of noise {unknown}
Potions
 e - a potion of stabbing {unknown}
 h - a potion of haste {unknown}
 k - a potion of heal wounds {unknown}
 n - a potion of resistance {unknown}
Comestibles
 d - a ration
 j - 3 chunks of flesh


   Skills:
 * Level 3.5 Fighting
 - Level 3.0 Long Blades
 - Level 2.0 Throwing
 - Level 3.0 Dodging


You had 2 spell levels left.
You didn't know any spells.
Your spell library was empty.

Dungeon Overview and Level Annotations

Branches:
Dungeon (2/15)

Altars:

Annotations:
D:2 Natasha


Innate Abilities, Weirdness & Mutations

You cannot wear most types of armour.
You are very stealthy in the water. (Stealth+)
You are amphibious.
You can wear up to eight rings at the same time.
You can use your tentacles to constrict eight enemies at once.
Your skin changes colour to match your surroundings (Stealth+).
Your rubbery body absorbs attacks. (AC +1, EV +1)


Message History

Natasha casts a spell at you. The magic dart hits you!
You are too injured to fight recklessly!
You are too injured to fight recklessly!
You see here a brown potion.
An adder comes into view.
A bat comes into view.
The crimson imp shouts, "Take thy face hence, thou pribbling fob-snatching slabber!"
The crimson imp blinks!
Found a hand axe and a leatherbound book.
The adder hisses angrily.
Found a robe.
Found a stone staircase leading down.
You closely miss the adder. Your grab misses the adder.
Natasha stares at you and mumbles some strange words.
The magic dart hits you!
* * * LOW HITPOINT WARNING * * *
The adder bites you.
* * * LOW HITPOINT WARNING * * *
A rat comes into view.
The bat closely misses you. The adder bites you.
You die...

#.......####......
#..###............
+..###..5.....####
+....h.#......#
##.#####....#.#
#...## ....#
###.h..###......
#..........###..#
#..#S@#.)### #..
......b....# ##
............#
r..:.........#
.............#
[>............#
..............#
............#.#


You could see Natasha, an adder and a bat.

Vanquished Creatures
  An adder (D:2)
  2 leopard geckos (D:1)
  2 goblins (D:1)
  2 hobgoblins (D:1)
  A kobold (D:1)
  3 bats (D:1)
  4 frilled lizards
  4 rats
19 creatures vanquished.

Notes
Turn   | Place    | Note
-------+----------+-------------------------------------------
     0 | D:1      | MisterFreud the Octopode Gladiator began the quest for the
                  | Orb.
     0 | D:1      | Reached XP level 1. HP: 14/14 MP: 1/1
   132 | D:1      | Reached XP level 2. HP: 20/20 MP: 2/2
   726 | D:2      | Reached XP level 3. HP: 23/26 MP: 3/3
   793 | D:2      | Noticed Natasha
   807 | D:2      | Slain by an adder

Illustrated notes

Levels and vault maps discovered:
D:1:      dpeg_arrival_central, layout_loops_ring, kennysheep_nondescript,
          serial_park_tiny_2, st_stairs_7, kennysheep_small_spiral
D:2:      layout_rooms, xom_teletrap_fun, kennysheep_generic_room_15,
          uniq_natasha

Skill      XL: |  1  2 |
---------------+-------+-----
Fighting       | 3 |  3.5
Long Blades    | |  3.0
Throwing       | |  2.0
Dodging        | |  3.0

Action                   || total
-------------------------++-------
Melee: Long sword        ||    20
       Tentacles         ||     7
       Constrict         ||     4
 Stab: Sleeping          ||     5
Armor: Skin              ||     3
Dodge: Dodged            ||    14
       Rpst.: Long sword ||     7

Table legend:
 A = Non-vault XP
 B = Vault XP
 C = Vault XP percentage of total XP
 D = Non-vault monster count
 E = Vault monster count
 F = Vault count percentage of total count
                 A         B        C        D         E       F
            +---------+---------+-------+---------+---------+-------
      Total |      38 |       2 |   5.0 |      17 |       2 |  10.5
            +---------+---------+-------+---------+---------+-------
        D:1 |      21 |       2 |   8.7 |      12 |       2 |  14.3
        D:2 |      17 |       0 |   0.0 |       5 |       0 |   0.0
            +---------+---------+-------+---------+---------+-------
